 Dungeon Crawl Stone Soup version 0.30-a0-1113-ga8025317a9 (webtiles) character file.

Game seed: 13536885356216098373

152936 Ijustatesigmund the Markself (level 17, 0/95 HPs)
             Began as a Deep Elf Conjurer on Apr 19, 2023.
             Was the Champion of Cheibriados.
             Slain by a seven-headed hydra (13 damage)
             ... on level 4 of the Swamp on Apr 20, 2023.
             The game lasted 02:03:53 (38402 turns).

Ijustatesigmund the Markself (Deep Elf Conjurer)   Turns: 38402, Time: 02:03:53

Health: 0/95       AC: 18    Str: 20 (22) XL:     17   Next: 3%
Magic:  26/40      EV: 27    Int: 47 (50) God:    Cheibriados [******]
Gold:   2862       SH:  5    Dex: 30      Spells: 25/50 levels left

rFire   . . .      SeeInvis .    O - +2 longbow (elec)
rCold   . . .      Faith    .    (shield currently unavailable)
rNeg    . . .      Spirit   .    S - +3 toga "Victory" {*Victory Int+3 Slay+3 Clar}
rPois   +          Reflect  +    z - +2 helmet
rElec   .          Rampage  .    w - +2 cloak {Will+}
rCorr   .          Clarity  +    i - +2 pair of gloves {Str+3}
Will    +++++                    (no boots)
Stlth   ++++                     v - amulet of the Mantidfly {Reflect Will+++ SH+5}
HPRegen 0.35/turn                j - +4 ring of protection
MPRegen 0.27/turn                n - ring of poison resistance

@: very slow
A: talons 1, thin skeletal structure 1, deterioration 1
a: Renounce Religion, Bend Time, Temporal Distortion, Slouch, Step From Time


You were on level 4 of the Swamp.
You worshipped Cheibriados.
Cheibriados was exalted by your worship.
You visited 6 branches of the dungeon, and saw 28 of its levels.
You also visited: Sewer and Volcano.

You collected 3828 gold pieces.
You spent 966 gold pieces at shops.

Inventory:

Hand Weapons
 J - a +2 longbow of flaming
 O - a +2 longbow of electrocution (weapon)
Missiles
 e - 5 curare-tipped darts
Armour
 i - a +2 pair of gloves of strength (worn)
 t - a +3 leather armour of willpower
 w - a +2 cloak of willpower (worn)
 z - a +2 helmet (worn)
 K - the +1 buckler "Nucosiw" {Str+3}
   (You bought it in a shop on level 12 of the Dungeon)

   Str:       It affects your strength (+3).
 S - the +3 toga "Victory" (worn) {*Victory Int+3 Slay+3 Clar}
   (You found it on level 1 of the Lair of Beasts)

   *Victory:  When the wearer kills a threatening monster, it has a chance to
   gain +1 AC, +1 Slay, and +1 Int, capping at +7.
   When the wearer uses a scroll or a potion with a hostile monster in sight,
   its bonuses reset to +0.
   Unequipping it also resets its bonuses to +0.
   Int:       It affects your intelligence (+3).
   Slay:      It affects your accuracy & damage with ranged weapons and melee
   (+3).
   Clar:      It protects you against confusion.
Magical Staves
 q - a staff of fire
Jewellery
 a - a ring of protection from fire
 j - a +4 ring of protection (left hand)
 n - a ring of poison resistance (right hand)
 r - a ring of protection from fire
 v - the amulet of the Mantidfly (around neck) {Reflect Will+++ SH+5}
   (You acquired it on level 4 of the Lair of Beasts)

   [amulet of reflection]

   It reflects blocked missile attacks.
   SH:        It affects your SH (+5).
   Will:      It greatly increases your willpower.
 B - a ring of protection from cold
 D - a +5 ring of evasion
 F - a ring of flight
 H - a ring of see invisible
 W - a ring of willpower
 Y - a ring of wizardry
Wands
 s - a wand of mindburst (4)
 y - a wand of charming (7)
 G - a wand of polymorph (10)
 L - a wand of flame (36)
 R - a wand of roots (14)
 U - a wand of digging (6)
Scrolls
 d - 2 scrolls of blinking
 g - 6 scrolls of immolation
 m - 2 scrolls of fear
 A - a scroll of brand weapon
 C - 11 scrolls of teleportation
 E - 4 scrolls of enchant armour
 M - 3 scrolls of fog
 P - 11 scrolls of identify
 Q - 5 scrolls of amnesia
 X - 3 scrolls of poison
Potions
 b - 5 potions of magic
 c - 2 potions of flight
 f - 3 potions of lignification
 h - 14 potions of curing
 k - 11 potions of heal wounds
 l - 7 potions of might
 o - 6 potions of attraction
 p - 3 potions of cancellation
 x - 3 potions of resistance
 I - 3 potions of mutation
 N - 3 potions of brilliance
 T - 2 potions of berserk rage


   Skills:
 + Level 6.6 Fighting
 + Level 18.7 Ranged Weapons
 - Level 3.0 Armour
 - Level 13.3 Dodging
 - Level 2.4 Stealth
 - Level 3.0 Shields
 - Level 17.3 Spellcasting
 - Level 14.2 Conjurations
 - Level 7.0 Translocations
 + Level 3.7 Transmutations
 - Level 7.4 Earth Magic
 - Level 15.6 Invocations
 - Level 5.4 Evocations


You had 25 spell levels left.
You knew the following spells:

 Your Spells              Type           Power      Damage    Failure   Level
a - Magic Dart            Conj           100%       1d8       0%          1
b - Searing Ray           Conj           100%       2d8       0%          2
c - Iskenderun's Mystic   Conj/Tloc      96%        2d19      1%          4
d - Apportation           Tloc           100%       N/A       1%          1
e - Blink                 Tloc           100%       N/A       1%          2
f - Lesser Beckoning      Tloc           100%       N/A       1%          2
g - Passwall              Tmut/Erth      62%        N/A       1%          2
h - Iron Shot             Conj/Erth      48%        9d9       1%          6
i - Irradiate             Conj/Tmut      45%        3d26      1%          5

Your spell library contained the following spells:

 Spells                   Type           Power      Damage    Failure   Level
 Momentum Strike          Conj/Tloc      100%       3d10      0%          2
 Sandblast                Erth           100%       2d20      1%          1
 Slow                     Hex            100%       N/A       1%          1
 Sting                    Tmut/Pois      100%       1d8       1%          1
 Summon Small Mammal      Summ           100%       N/A       1%          1
 Ensorcelled Hibernation  Hex/Ice        80%        N/A       1%          2
 Poisonous Vapours        Pois/Air       80%        N/A       1%          2
 Sublimation of Blood     Necr           40%        N/A       1%          2
 Wereblood                Tmut           66%        N/A       1%          2
 Call Canine Familiar     Summ           40%        N/A       1%          3
 Confusing Touch          Hex            40%        N/A       1%          3
 Dazzling Flash           Conj/Hex       100%       N/A       1%          3
 Gell's Gravitas          Tloc           82%        N/A       1%          3
 Inner Flame              Hex/Fire       40%        N/A       1%          3
 Mephitic Cloud           Conj/Pois/Air  71%        N/A       1%          3
 Stone Arrow              Conj/Erth      100%       3d13      1%          3
 Summon Guardian Golem    Hex/Summ       40%        N/A       1%          3
 Swiftness                Air            40%        N/A       1%          3
 Teleport Other           Tloc           82%        N/A       1%          3
 Vampiric Draining        Necr           40%        2d8       1%          3
 Vhi's Electric Charge    Tloc/Air       100%       N/A       1%          3
 Animate Armour           Summ/Erth      100%       N/A       1%          4
 Fulminant Prism          Conj/Hex       41%        3d19      1%          4
 Leda's Liquefaction      Hex/Erth       33%        N/A       1%          4
 Arcjolt                  Conj/Air       41%        1d51      1%          5
 Lee's Rapid Deconstruct  Erth           42%        3d20*     1%          5
 Blade Hands              Tmut           33%        N/A       3%          5
 Borgnjor's Vile Clutch   Necr/Erth      33%        N/A       3%          5
 Anguish                  Hex/Necr       20%        N/A       5%          4
 Animate Dead             Necr           40%        N/A       5%          4
 Olgreb's Toxic Radiance  Pois           40%        N/A       5%          4
 Alistair's Intoxication  Tmut/Pois      36%        N/A       7%          5
 Yara's Violent Unravell  Hex/Tmut       27%        3d12      7%          5
 Statue Form              Tmut/Erth      50%        N/A       9%          6
 Summon Mana Viper        Hex/Summ       40%        N/A       14%         5
 Death Channel            Necr           20%        N/A       63%         6
 Plasma Beam              Fire/Air       20%        2x1d35    63%         6
 Simulacrum               Ice/Necr       20%        N/A       63%         6
 Dragon Form              Tmut           33%        N/A       67%         7
 Enfeeble                 Hex            20%        N/A       99%         7
 Ozocubu's Refrigeration  Ice            20%        4d11      99%         7
 Summon Hydra             Summ           20%        N/A       99%         7
 Discord                  Hex            20%        N/A       100%        8
 Ignition                 Fire           20%        3d7       100%        8
 Polar Vortex             Ice            20%        N/A       100%        9


Dungeon Overview and Level Annotations

Branches:
Dungeon (15/15)            Temple (1/1) D:7            Lair (5/5) D:9
  Swamp (4/4) Lair:2       Spider (1/4) Lair:2        Slime (0/5) Lair:4
    Orc (2/2) D:10            Elf (0/3) Orc:2        Vaults (0/5) D:13
 Depths (0/4) D:15          Sewer (visited)         Volcano (visited)

Altars:
Ashenzari
Cheibriados
Dithmenos
Elyvilon
Fedhas
Hepliaklqana
Kikubaaqudgha
Makhleb
Nemelex Xobeh
Qazlal
Ru
Trog
Vehumet
Yredelemnul
Zin
The Shining One
Jiyva

Shops:
D:4 [   D:10 :   D:12 [   D:14 ?   Orc:2 ([*?


Innate Abilities, Weirdness & Mutations

You have sharp toenails.
You have a somewhat thin skeletal structure. (Dex +2, Stealth+)
Your body sometimes deteriorates upon taking damage.


Message History

The seven-headed hydra misses you. The seven-headed hydra bites you!
Your body deteriorates!
You feel dopey.
The seven-headed hydra closely misses you.
The seven-headed hydra completely misses you. x2
The seven-headed hydra misses you.
The seven-headed hydra completely misses you.
You hear a deafening roar!
The five-headed hydra misses you.
The five-headed hydra barely misses you.
The five-headed hydra misses you.
The five-headed hydra bites you but does no damage.
The five-headed hydra misses you. The swamp dragon misses you.
You block the swamp dragon's attack. The swamp dragon closely misses you.
The seven-headed hydra misses you.
The seven-headed hydra completely misses you.
The seven-headed hydra bites you!
Your body deteriorates!
You feel weakened.
The seven-headed hydra bites you but does no damage. x2
The seven-headed hydra closely misses you.
The seven-headed hydra barely misses you.
Casting: Iskenderun's Mystic Blast (safe; 1% risk of failure)
Confirm with . or Enter, or press ? or * to list all spells.
Aiming: Iron Shot (dangerous; 1% risk of failure)
Press: ? - help, Shift-Dir - straight line, f - five-headed hydra
Aim: a five-headed hydra (moderately wounded, 92% to hit)
The iron shot hits the five-headed hydra!!!
The five-headed hydra is almost dead.
The five-headed hydra bites you.
The five-headed hydra bites you but does no damage. x2
The five-headed hydra bites you!
* * * LOW HITPOINT WARNING * * *
The five-headed hydra bites you but does no damage.
The swamp dragon misses you. The swamp dragon claws you!
* * * LOW HITPOINT WARNING * * *
You block the swamp dragon's attack.
The seven-headed hydra barely misses you.
The seven-headed hydra bites you.
* * * LOW HITPOINT WARNING * * *
The seven-headed hydra bites you!
You die...

.~~ ~.~..
♣♣♣♣♣♣♣♣...♣
♣~.~..~~..~♣ ♣♣
♣.~~~.~~..♣♣♣♣§~.
♣♣.§~§~~~~..~§~~~~
♣♣~D.§~~~~~....~~
♣♣.~§[~~~~~~D†.♣
♣..D.~~~~~~~@D♣
♣♣~♣.~~~..~~D♣♣
♣♣♣♣~§~.~~~♣♣
♣..~~[~§♣
♣~§§♣~.~♣
♣.§♣♣♣~♣♣
♣♣~....§..
~~.~~~~..~
♣♣.§~f~~..~


You could see a seven-headed hydra, a five-headed hydra and a swamp dragon.

Vanquished Creatures
  Mlioglotl (Swamp:3)
  A thorn hunter (Swamp:2)
  Roxanne (Spider:1)
  Kirke (D:15)
  Louise (Swamp:3)
  An orc warlord (Orc:2)
  A war gargoyle (D:13)
  2 bunyips
  5 eleionomae
  The ghost of gyole the Martial Artist, a journeyman KoWn of Gozag (Lair:5)
  2 spark wasps (Spider:1)
  The ghost of svtm the Cleaver, a journeyman MiBe of Trog (Swamp:1)
  A shambling mangrove (Swamp:1)
  Josephine (Swamp:1)
  A fire dragon (D:14)
  2 entropy weavers (Spider:1)
  A vault guard (D:13)
  19 hydras
  An ogre mage (D:15)
  2 catoblepae
  6 alligators
  A merfolk avatar (Lair:5)
  5 two-headed ogres
  6 boulder beetles
  2 centaur warriors
  5 death yaks (Lair:1)
  2 tengu warriors
  A titan zombie (D:15)
  5 orc high priests
  4 skysharks
  A storm dragon zombie (D:15)
  2 skeletal warriors (D:15)
  12 spriggans
  Nergalle (D:12)
  2 goliath frogs
  3 orb spiders (Spider:1)
  4 pharaoh ants (Spider:1)
  A swamp dragon (Swamp:3)
  A sea snake (Lair:5)
  4 spriggan druids
  2 bog bodies (Swamp:2)
  A phantasmal warrior (D:15)
  2 lindwurms (Volcano)
  3 deep elf pyromancers
  A wizard (D:14)
  6 orc knights
  8 ugly things
  2 steelbarb worms (Spider:1)
  A necromancer (D:15)
  5 orc sorcerers
  6 cyclopes
  6 wolf spiders (Spider:1)
  A shining eye (shapeshifter) (D:13)
  A toenail golem (Volcano)
  4 manticores
  5 will-o-the-wisps
  A moth of wrath (Spider:1)
  5 elephants (Lair:5)
  3 demonic crawlers (Spider:1)
  2 centaur zombies (D:8)
  2 molten gargoyles (Volcano)
  5 black mambas
  9 gargoyles
  15 cane toads
  10 komodo dragons
  Psyche (D:9)
  3 centaur skeletons (D:8)
  2 unseen horrors
  2 rime drakes
  3 efreet
  8 yaktaurs (D:15)
  3 kobold demonologists (D:11)
  7 trolls
  2 tengu conjurers
  A queen bee (shapeshifter) (D:15)
  13 hornets
  5 bloated husks
  7 tyrant leeches
  2 hellwings (D:8)
  6 blink frogs
  4 tarantellas (Spider:1)
  4 polar bears
  An ettin zombie (D:15)
  A snapping turtle (Lair:5)
  6 dream sheep (Lair:5)
  11 jumping spiders
  A jumping spider (shapeshifter) (D:14)
  An ettin skeleton (D:15)
  Eustachio (D:5)
  6 wraiths
  8 culicivoras (Spider:1)
  A human (D:14)
  6 wyverns
  A vampire (D:13)
  3 hogs (D:15)
  10 slime creatures
  40 yaks
  3 basilisks
  6 fire elementals (Volcano)
  12 redbacks
  4 steam dragons
  21 vampire mosquitoes
  5 wargs
  Menkaure (D:4)
  2 acid dragons
  6 water moccasins
  10 swamp worms
  2 hell hounds (Lair:4)
  Pargi (D:4)
  38 orc warriors
  3 ice beasts
  4 swamp drakes
  A black bear (D:6)
  9 ogres
  9 wolves
  3 centaurs
  A phantom (D:6)
  3 kobold brigands
  Blork the orc (D:4)
  9 bullfrogs
  A gnoll sergeant (D:9)
  4 scorpions
  3 earth elementals (Volcano)
  3 wights (D:9)
  13 killer bees
  3 electric eels (D:15)
  4 howler monkeys
  2 jellies
  Crazy Yiuf (D:2)
  2 hounds
  21 orc priests
  A sleepcap (D:4)
  3 iguanas
  Ijyb (D:4)
  6 hell rats (Lair:3)
  39 orc wizards
  A boggart skeleton (D:8)
  Robin (D:4)
  4 river rats (Sewer)
  24 adders
  3 gnolls (D:9)
  3 shadow imps (D:8)
  A white imp (D:8)
  An ufetubus (D:5)
  3 worms
  A dart slug (D:5)
  110 orcs
  19 ball pythons
  4 endoplasms
  5 giant cockroaches
  16 goblins
  13 hobgoblins
  3 jackals (D:2)
  A quokka (D:4)
  5 bats
  6 frilled lizards
  21 kobolds
  19 rats
  A spectral hobgoblin (D:9)
  2 fire vortices (Volcano)
918 creatures vanquished.

Vanquished Creatures (collateral kills)
  An orc warrior (Orc:2)
1 creature vanquished.

Vanquished Creatures (others)
  An orc knight (Orc:2)
  A cyclops (D:13)
  2 humans (D:15)
  An orc wizard (Orc:2)
  A shadow imp (D:8)
  21 foxfires
  34 fungi
  64 plants
  15 withered plants
140 creatures vanquished.

Grand Total: 1059 creatures vanquished

Notes
Turn   | Place    | Note
-------+----------+-------------------------------------------
     0 | D:1      | Ijustatesigmund the Deep Elf Conjurer began the quest for
                  | the Orb.
     0 | D:1      | Reached XP level 1. HP: 10/10 MP: 6/6
   361 | D:1      | Reached XP level 2. HP: 15/15 MP: 4/8
   365 | D:1      | Learned a level 2 spell: Searing Ray
  1060 | D:2      | Reached skill level 5 in Conjurations
  1060 | D:2      | Reached XP level 3. HP: 19/19 MP: 3/10
  1167 | D:2      | Identified the +2 dagger "Zarr" {holy, Str+2 SInv}
  1185 | D:2      | Found a runed translucent door.
  1186 | D:2      | Noticed Crazy Yiuf
  1799 | D:3      | Reached XP level 4. HP: 24/24 MP: 8/12
  1804 | D:3      | Learned a level 4 spell: Iskenderun's Mystic Blast
  1946 | D:3      | Reached skill level 1 in Translocations
  2910 | D:4      | Found Loemmul's Armour Boutique.
  2913 | D:4      | Noticed Ijyb
  2944 | D:4      | Noticed a scorpion
  3107 | D:4      | Killed Ijyb
  3108 | D:4      | Reached XP level 5. HP: 28/28 MP: 7/14
  3616 | D:4      | Noticed an ogre
  3621 | D:4      | Killed an ogre
  3622 | D:4      | Reached skill level 1 in Ranged Weapons
  3622 | D:4      | Reached skill level 5 in Spellcasting
  3748 | D:4      | Noticed Pargi
  3835 | D:2      | Killed Crazy Yiuf
  3836 | D:2      | Reached XP level 6. HP: 8/33 MP: 11/15
  4178 | D:4      | Killed Pargi
  4179 | D:4      | Reached skill level 1 in Fighting
  4179 | D:4      | Reached skill level 2 in Ranged Weapons
  4208 | D:4      | Noticed Robin
  4211 | D:4      | Killed Robin
  4596 | D:4      | Noticed Blork the orc
  4602 | D:4      | Killed Blork the orc
  4603 | D:4      | Reached XP level 7. HP: 38/38 MP: 11/17
  4830 | D:4      | Noticed Menkaure
  4839 | D:4      | Killed Menkaure
  4840 | D:4      | Reached skill level 3 in Ranged Weapons
  4844 | D:4      | Learned a level 1 spell: Apportation
  4934 | D:5      | Entered Level 5 of the Dungeon
  4979 | D:5      | Noticed Eustachio
  5022 | D:5      | Found a glowing drain.
  5065 | Sewer    | Entered a sewer
  5540 | Sewer    | Reached skill level 5 in Translocations
  5801 | Sewer    | Reached XP level 8. HP: 43/43 MP: 12/20
  6274 | D:5      | Killed Eustachio
  7023 | D:4      | Bought a +2 pair of gloves of strength for 279 gold pieces
  7086 | D:6      | Found an ancient bone altar of Kikubaaqudgha.
  7087 | D:6      | Found a glowing silver altar of Zin.
  7088 | D:6      | Found a radiant altar of Vehumet.
  7141 | D:6      | Found a basalt altar of Yredelemnul.
  7442 | D:6      | Reached XP level 9. HP: 48/48 MP: 18/23
  7629 | D:6      | Identified the +5 trident of Tenacity {freeze, *Slow
                  | Fragile rElec Dex+4}
  7850 | D:7      | Found a staircase to the Ecumenical Temple.
  7880 | Temple   | Entered the Ecumenical Temple
  7890 | Temple   | Became a worshipper of Cheibriados the Contemplative
  7903 | D:7      | Learned a level 2 spell: Blink
  8139 | D:7      | Reached skill level 1 in Invocations
  8553 | D:8      | Found a glowing golden altar of the Shining One.
  8729 | D:8      | Noticed a hellwing
  8745 | D:8      | Noticed a hellwing
  8747 | D:8      | Reached * piety under Cheibriados
  8748 | D:8      | Reached skill level 5 in Dodging
  8754 | D:8      | Killed a hellwing
  9315 | D:8      | Reached skill level 10 in Spellcasting
  9315 | D:8      | Reached XP level 10. HP: 56/56 MP: 15/26
  9392 | D:8      | Reached skill level 4 in Ranged Weapons
  9730 | D:8      | Reached skill level 5 in Ranged Weapons
 10119 | D:8      | Gained mutation: Your mind is acute. (Int +4, Str/Dex -1)
                  | [potion of mutation]
 10119 | D:8      | Gained mutation: You expend magic power (3 MP) to
                  | strengthen your wands. [potion of mutation]
 10119 | D:8      | Gained mutation: You have sharp toenails. [potion of
                  | mutation]
 10120 | D:8      | Lost mutation: Your mind is acute. (Int +4, Str/Dex -1)
                  | [potion of mutation]
 10120 | D:8      | Lost mutation: You expend magic power (3 MP) to strengthen
                  | your wands. [potion of mutation]
 10120 | D:8      | Gained mutation: Your body sometimes deteriorates upon
                  | taking damage. [potion of mutation]
 10120 | D:8      | Gained mutation: You have a somewhat thin skeletal
                  | structure. (Dex +2, Stealth+) [potion of mutation]
 10342 | D:9      | Reached ** piety under Cheibriados
 10351 | D:9      | Reached skill level 5 in Invocations
 10390 | D:9      | Noticed Psyche
 10407 | D:9      | Killed Psyche
 10411 | D:9      | Reached skill level 6 in Ranged Weapons
 10411 | D:9      | Reached skill level 10 in Conjurations
 10748 | D:9      | Reached XP level 11. HP: 49/60 MP: 18/28
 10752 | D:9      | Reached *** piety under Cheibriados
 10753 | D:9      | Reached skill level 7 in Ranged Weapons
 10771 | D:9      | Found a hazy altar of Hepliaklqana.
 11228 | D:9      | Reached **** piety under Cheibriados
 11283 | D:9      | Found a staircase to the Lair.
 11674 | D:10     | Entered Level 10 of the Dungeon
 12969 | D:10     | Found a staircase to the Orcish Mines.
 13029 | D:10     | Found Gisiawe's Tiny Tomes.
 13337 | D:11     | Noticed a sun demon
 13380 | D:11     | Reached ***** piety under Cheibriados
 13712 | D:11     | Got Anwixtet's Almanac of the Gathering
 13728 | D:11     | Noticed a boulder beetle
 13742 | D:11     | Killed a boulder beetle
 14317 | D:11     | Noticed a boulder beetle
 14334 | D:11     | Killed a boulder beetle
 14759 | D:12     | Noticed a boulder beetle
 14768 | D:12     | Killed a boulder beetle
 14769 | D:12     | Reached XP level 12. HP: 64/64 MP: 25/31
 14929 | D:12     | Noticed a two-headed ogre
 14938 | D:12     | Killed a two-headed ogre
 14960 | D:12     | Noticed a boulder beetle
 14979 | D:12     | Killed a boulder beetle
 15697 | D:12     | You fall into a shaft and drop 3 floors!
 15697 | D:15     | Entered Level 15 of the Dungeon
 15741 | D:15     | Noticed Kirke
 15749 | D:15     | Killed Kirke
 15758 | D:14     | Noticed a tengu warrior
 15770 | D:14     | Killed a tengu warrior
 15771 | D:14     | Noticed a fire dragon
 15952 | D:15     | Reached skill level 10 in Invocations
 16002 | D:15     | Noticed a two-headed ogre
 16005 | D:15     | Found a staircase to the Depths.
 16043 | D:15     | Noticed a two-headed ogre
 16053 | D:15     | Killed a two-headed ogre
 16059 | D:15     | Noticed an ogre mage
 16074 | D:15     | Killed an ogre mage
 16080 | D:15     | Killed a two-headed ogre
 16081 | D:15     | Reached skill level 15 in Spellcasting
 16081 | D:15     | Noticed a tengu warrior
 16185 | D:15     | Killed a tengu warrior
 16368 | D:14     | Killed a fire dragon
 16507 | D:14     | Noticed a centaur warrior
 16636 | D:13     | Noticed a two-headed ogre
 16652 | D:13     | Killed a two-headed ogre
 16660 | D:13     | Noticed a vault guard
 16672 | D:13     | Noticed a seven-headed hydra
 16672 | D:13     | Noticed a centaur warrior
 16678 | D:13     | Noticed a six-headed hydra
 16687 | D:13     | Killed a six-headed hydra
 16688 | D:13     | Reached XP level 13. HP: 54/69 MP: 17/34
 17214 | D:13     | HP: 3/69 [centaur warrior/arrow (5)]
 17469 | D:11     | Upgraded the game from 0.30-a0-1104-g706747fef1 to
                  | 0.30-a0-1113-ga8025317a9
 17476 | D:11     | Learned a level 2 spell: Lesser Beckoning
 17479 | D:11     | Learned a level 2 spell: Passwall
 17482 | D:12     | Noticed Nergalle
 17508 | D:12     | Killed Nergalle
 18276 | D:12     | Reached ****** piety under Cheibriados
 18304 | D:12     | Found Epaymm's Antique Armour Shoppe.
 18312 | D:12     | Bought a shimmering buckler for 180 gold pieces
 18312 | D:12     | Identified the +1 buckler "Nucosiw" {Str+3} (You bought it
                  | in a shop on level 12 of the Dungeon)
 18389 | D:13     | Noticed a war gargoyle
 18864 | D:13     | Reached skill level 8 in Ranged Weapons
 19302 | D:13     | Reached skill level 9 in Ranged Weapons
 19548 | D:13     | Found a gate to the Vaults.
 19655 | D:13     | Reached skill level 10 in Ranged Weapons
 19939 | D:13     | Reached skill level 11 in Ranged Weapons
 19952 | D:13     | Killed a war gargoyle
 19953 | D:13     | Reached skill level 12 in Ranged Weapons
 19966 | D:13     | Reached skill level 13 in Ranged Weapons
 20272 | D:14     | Reached skill level 14 in Ranged Weapons
 20522 | D:14     | Reached skill level 15 in Ranged Weapons
 20641 | D:14     | Reached skill level 16 in Ranged Weapons
 20641 | D:14     | Found Gigeegosm's Magic Scroll Shop.
 21006 | D:14     | Reached XP level 14. HP: 46/74 MP: 24/36
 21154 | D:15     | Reached skill level 17 in Ranged Weapons
 21652 | D:15     | Reached skill level 1 in Armour
 21652 | D:15     | Reached skill level 1 in Shields
 21861 | D:15     | Learned a level 6 spell: Iron Shot
 22018 | D:14     | Bought a scroll of teleportation for 42 gold pieces
 22018 | D:14     | Bought 3 scrolls of teleportation for 126 gold pieces
 22577 | Lair:1   | Entered Level 1 of the Lair of Beasts
 22833 | Lair:1   | Found the +0 toga "Victory" {*Victory Clar}
 23528 | Lair:2   | Identified the +5 quarterstaff of the Endless Expanse
                  | {flame, rPois rC- Dex+5}
 23547 | Lair:2   | Identified the +1 robe of Fusilu {rC- Int+6}
 23877 | Lair:2   | Found a staircase to the Swamp.
 23890 | Lair:2   | Reached skill level 18 in Ranged Weapons
 24061 | Lair:2   | Found a hole to the Spider Nest.
 24362 | Lair:3   | Reached skill level 1 in Earth Magic
 24896 | Lair:4   | Found a dark tunnel.
 24906 | Volcano  | Entered a volcano
 27506 | Lair:4   | Found a staircase to the Slime Pits.
 27507 | Lair:4   | Found a viscous altar of Jiyva.
 27755 | Lair:4   | Identified a scroll of acquirement
 27755 | Lair:4   | Acquired the amulet of the Mantidfly {Reflect Will+++ SH+5}
 28149 | Lair:5   | Entered Level 5 of the Lair of Beasts
 28154 | Lair:5   | Found a runed translucent door.
 28231 | Lair:5   | Reached XP level 15. HP: 81/81 MP: 37/37
 28247 | Lair:5   | Reached skill level 5 in Fighting
 28783 | Lair:5   | Reached skill level 5 in Earth Magic
 28802 | Lair:5   | Reached skill level 1 in Evocations
 29234 | Lair:5   | Acquired 901 gold pieces
 29509 | Lair:5   | Noticed gyole's ghost (journeyman KoWn)
 29519 | Lair:5   | Killed gyole's ghost
 29527 | Lair:5   | Identified the +2 great sword "Rexetuos" {drain, rF+ Str+6
                  | Int+4}
 29760 | Orc:1    | Entered Level 1 of the Orcish Mines
 30021 | Orc:2    | Entered Level 2 of the Orcish Mines
 30310 | Orc:2    | Found a staircase to the Elven Halls.
 30846 | Orc:2    | Found Sunkanila's Magic Scroll Boutique.
 30871 | Orc:2    | Bought a scroll of teleportation for 48 gold pieces
 30871 | Orc:2    | Bought a scroll of blinking for 120 gold pieces
 30871 | Orc:2    | Bought a scroll of teleportation for 48 gold pieces
 31415 | Orc:2    | Reached skill level 5 in Evocations
 31657 | Orc:2    | Found Satifokh's General Store.
 31658 | Orc:2    | Found Caybiet's Jewellery Shop.
 31660 | Orc:2    | Found Sepnyupe's Antique Armour Boutique.
 31660 | Orc:2    | Found Cuihok's Antique Weapon Boutique.
 31674 | Orc:2    | Bought a scorched sling for 123 gold pieces
 31674 | Orc:2    | Identified the +3 sling of the Rat {antimagic, rElec} (You
                  | bought it in a shop on level 2 of the Orcish Mines)
 31839 | Spider:1 | Entered Level 1 of the Spider Nest
 32113 | Spider:1 | Reached skill level 10 in Dodging
 32276 | Spider:1 | Got Regura's Reference Book on Evil and the Queen Bee
 32425 | Spider:1 | Reached XP level 16. HP: 88/88 MP: 34/39
 32832 | Spider:1 | Noticed Roxanne
 32866 | Spider:1 | Killed Roxanne
 33526 | Swamp:1  | Entered Level 1 of the Swamp
 33810 | Swamp:1  | Noticed Josephine
 33816 | Swamp:1  | Killed Josephine
 34088 | Swamp:1  | Found a runed translucent gate.
 34088 | Swamp:1  | Found a runed translucent gate.
 34088 | Swamp:1  | Found a runed translucent gate.
 34090 | Swamp:1  | Noticed svtm's ghost (journeyman MiBe)
 34102 | Swamp:1  | Killed svtm's ghost
 34609 | Swamp:2  | Reached skill level 15 in Invocations
 35047 | Swamp:2  | Noticed a thorn hunter
 35052 | Swamp:2  | Killed a thorn hunter
 35254 | Swamp:2  | Identified the +7 battleaxe "Pomomeg" {vamp, Will+ MP+9}
 35491 | Swamp:3  | Learned a level 5 spell: Irradiate
 35879 | Swamp:3  | Reached skill level 1 in Transmutations
 35967 | Swamp:3  | Noticed Mlioglotl
 35971 | Swamp:3  | Killed Mlioglotl
 36371 | Swamp:3  | Noticed Louise
 36394 | Swamp:3  | Killed Louise
 36743 | Swamp:4  | Entered Level 4 of the Swamp
 37281 | Swamp:4  | HP: 4/90 [will-o-the-wisp/foxfire (19)]
 37850 | Swamp:3  | Reached XP level 17. HP: 63/94 MP: 26/40
 38402 | Swamp:4  | Slain by a seven-headed hydra

Illustrated notes

Levels and vault maps discovered:
D:1:      matt_arrival_diagonals, layout_loops_ring
D:2:      layout_basic, uniq_crazy_yiuf_cottage
D:3:      minmay_skewed_foursquare, layout_basic
D:4:      layout_gridville, serial_shops, shop, minivault_23, uniq_ijyb,
          uniq_blork_the_orc, uniq_robin, uniq_menkaure, uniq_pargi
D:5:      layout_basic, gup_sewer_entry_glass, uniq_eustachio
D:6:      layout_loops_ring, chequers_temple_overflow_statue_of_worship,
          minmay_door_square
D:7:      layout_basic, minmay_temple_entry_large_hall
D:8:      cheibrodos_grave_circle, layout_loops_ring,
          mainiacjoe_overflow_chevrons
D:9:      layout_basic, nicolae_hepliaklqana_monster_ancestors,
          erik_lair_orcish_takeover, enter_bailey_5,
          dreamdust_princess_corridor, uniq_psyche
D:10:     layout_rooms, david_orc_4, nicolae_shop_i_like_small_books_too
D:11:     layout_roguey, serial_glass, glass_columns_c, glass_columns_b,
          due_unseen_surprise, feat_on_display, feat_on_display,
          item_on_display_a, kennysheep_generic_room_2
D:12:     layout_small_grid, serial_shops, nicolae_shop_statue_plus,
          uniq_nergalle
D:13:     gargoyle_guard, layout_basic, david_vaults_5
D:14:     layout_big_octagon, chequers_mini_garden, grunt_livestock,
          nicolae_take_the_stairs, minmay_orc_keep
D:15:     gammafunk_depths_entry_grave, layout_basic, serial_park_fountain,
          uniq_kirke
Temple:   compressed_dpeg_triangle_lava_temple
Lair:1:   layout_chaotic_city, grunt_megastairs_4, serial_bayou_shore_b
Lair:2:   layout_regular_city, swamp_mist_pool, spider_nest_entry_a,
          serial_bayou_crossing
Lair:3:   layout_misc_corridors
Lair:4:   layout_long_grid, slime_entry_1, enter_volcano_3
Lair:5:   gammafunk_lair_ancient_temple, layout_regular_city,
          ebering_ghost_reflecting_pool
Swamp:1:  layout_basic_swamp, ebering_ghost_rock_garden,
          evilmike_swamp_ruin_house_3, swamp_pool2, uniq_josephine
Swamp:2:  layout_falls_marsh, evilmike_swamp_ruin_house_4
Swamp:3:  layout_basic_swamp, evilmike_swamp_ruin_rubble_1, swamp_pool5,
          uniq_louise, uniq_mlioglotl
Swamp:4:  swamp, layout_basic_swamp
Spider:1: layout_spider_delve, hellmonk_spider_spawner, uniq_roxanne
Orc:1:    layout_caves, mines2_david
Orc:2:    st_orc_congregation, layout_caves, serial_shops, shop

Skill      XL: |  1  2  3  4  5  6  7  8  9 10 11 12 13 14 15 16 |
---------------+-------------------------------------------------+-----
Spellcasting   | 4 5 6 8 10 11 13 15 16 17 | 17.3
Conjurations   | 5 6 8 9 10 12 13 14 | 14.2
Translocations | 3 4 5 6 7 |  7.0
Ranged Weapons | 1 2 3 6 7 16 18 | 18.7
Dodging        | 3 5 9 10 13 | 13.3
Fighting       | 1 3 4 5 6 |  6.6
Invocations    | 3 6 8 11 13 15 | 15.6
Armour         | 3 |  3.0
Shields        | 3 |  3.0
Earth Magic    | 3 7 |  7.4
Evocations     | 5 |  5.4
Transmutations | 3 |  3.7
Stealth        | |  2.4

Action                     |  1- 3 |  4- 6 |  7- 9 | 10-12 | 13-15 | 16-18 || total
---------------------------+-------+-------+-------+-------+-------+-------++-------
  Melee: Club              |       |       |    12 |       |       |       ||    12
   Fire: Sling             |       |       |     4 |   138 |     6 |       ||   148
         Longbow           |       |       |       |       |   867 |   324 ||  1191
  Throw: Dart              |       |       |       |    12 |       |       ||    12
   Cast: Magic Dart        |    67 |    82 |   128 |    74 |     2 |       ||   353
         Searing Ray       |       |    18 |    25 |    11 |       |       ||    54
         Iskenderun's Myst |       |     4 |    58 |   196 |   197 |    49 ||   504
         Apportation       |       |       |       |     2 |       |     1 ||     3
         Lesser Beckoning  |       |       |       |       |     1 |       ||     1
         Iron Shot         |       |       |       |       |    45 |    63 ||   108
         Blink             |       |       |       |       |     1 |     4 ||     5
 Invoke: Slouch            |       |       |       |     1 |     3 |     2 ||     6
         Step From Time    |       |       |       |       |       |     1 ||     1
  Evoke: Wand              |       |       |     5 |     6 |    16 |     3 ||    30
    Use: Scroll            |       |     4 |     9 |    14 |    13 |     4 ||    44
         Potion            |       |     1 |       |     7 |     2 |       ||    10
 Armour: Robe              |       |     8 |    53 |    68 |    47 |    54 ||   230
  Dodge: Dodged            |     1 |    23 |    71 |   143 |   159 |   215 ||   612
  Block: Other             |       |       |       |       |    13 |    35 ||    48
         Reflection        |       |       |       |       |     3 |     1 ||     4

Table legend: (Time is in decaauts)
 A = Elapsed time spent in this place.
 B = Non-inter-level travel time spent in this place.
 C = Inter-level travel time spent in this place.
 D = Time resting spent in this place.
 E = Time spent auto-exploring this place.
 F = Levels seen in this place.
 G = Mean time per level.
                   A        B        C        D        E       F      G
               +--------+--------+--------+--------+--------+-----+--------+
         Total |  50679 |  48330 |   2349 |  14728 |  27546 |  30 | 1689.3 |
       Dungeon |  26167 |  24629 |   1538 |   9158 |  11879 |  15 | 1744.5 |
        Temple |     20 |     10 |     10 |      0 |      0 |   1 |   20.0 |
          Lair |   8033 |   7580 |    453 |    582 |   6058 |   5 | 1606.6 |
         Swamp |   6361 |   6174 |    187 |   2529 |   2984 |   4 | 1590.2 |
   Spider Nest |   2135 |   2118 |     17 |    690 |   1199 |   1 | 2135.0 |
  Orcish Mines |   2713 |   2572 |    141 |    797 |   1421 |   2 | 1356.5 |
         Sewer |    929 |    929 |      0 |    621 |    176 |   1 |  929.0 |
       Volcano |   4317 |   4317 |      0 |    349 |   3828 |   1 | 4317.0 |
               +--------+--------+--------+--------+--------+-----+--------+

Top non-repeatable levels by time:
 Volcano: 4317 daAuts
 Swamp:3: 3476 daAuts
    D:13: 3031 daAuts
    D:15: 2564 daAuts
    D:12: 2476 daAuts
     D:9: 2417 daAuts
    D:11: 2299 daAuts
Spider:1: 2135 daAuts
  Lair:5: 2091 daAuts
    D:14: 1943 daAuts
     D:8: 1832 daAuts
  Lair:4: 1777 daAuts
    D:10: 1679 daAuts
  Lair:1: 1666 daAuts
     D:3: 1657 daAuts
